 Dungeon Crawl Stone Soup version 0.27-a0-1332-g84bddb5ca7 (webtiles) character file.

Game seed: 6892090211073939521

30277 zero the Destroyer (level 13, -1/76 HPs)
             Began as a Gargoyle Conjurer on June 25, 2021.
             Was a Priest of Vehumet.
             Slain by a five-headed hydra (8 damage)
             ... on level 5 of the Lair of Beasts.
             The game lasted 00:25:28 (19753 turns).

zero the Destroyer (Gargoyle Conjurer)             Turns: 19753, Time: 00:25:28

Health: -1/76      AC: 20    Str: 11    XL:     13   Next: 50%
Magic:  2/27       EV: 12    Int: 24    God:    Vehumet [***...]
Gold:   689        SH:  4    Dex:  8    Spells: 8/33 levels left

rFire    . . .     SeeInvis .   f - staff of conjuration {!a}
rCold    . . .     Faith    .   x - +0 buckler
rNeg     + . .     Spirit   .   a - +0 robe
rPois    ∞         Reflect  .   z - +1 helmet
rElec    +         Harm     .   w - +2 cloak
rCorr    .         Rampage  .   D - +1 pair of gloves
Will     .....                  (no boots)
Stlth    ++........             (no amulet)
HPRegen  0.22/turn              c - ring of wizardry
MPRegen  0.20/turn              C - ring of wizardry

@: no status effects
A: sickness immunity, AC +9, negative energy resistance 1, electricity
resistance, torment resistance 1, petrification resistance
a: Renounce Religion


You were on level 5 of the Lair of Beasts.
You worshipped Vehumet.
Vehumet was most pleased with you.
You visited 3 branches of the dungeon, and saw 15 of its levels.

You collected 777 gold pieces.
You spent 88 gold pieces at shops.

Inventory:

Hand Weapons
 K - the +4 war axe "Juatam" {vorpal, rCorr Int+4}
   (You found it on level 4 of the Lair of Beasts)

   It inflicts extra damage upon your enemies.
   It affects your intelligence (+4).
   It protects you from acid and corrosion.
Missiles
 l - 3 throwing nets
Armour
 a - a +0 robe (worn)
 w - a +2 cloak (worn)
 x - a +0 buckler (worn)
 z - a +1 helmet (worn)
 D - a +1 pair of gloves (worn)
Magical Staves
 f - a staff of conjuration (weapon) {!a}
 J - a staff of death
Jewellery
 c - a ring of wizardry (left hand)
 u - a ring of fire
 C - a ring of wizardry (right hand)
 I - a +4 ring of evasion
 N - a ring of willpower
Wands
 b - a wand of paralysis (7)
 j - a wand of flame (31)
 n - a wand of acid (8)
 B - a wand of mindburst (4)
 E - a wand of charming (9)
 F - a wand of polymorph (7)
Scrolls
 d - 3 scrolls of magic mapping
 k - 4 scrolls of blinking
 o - a scroll of fear
 r - 3 scrolls of enchant weapon
 y - 3 scrolls of teleportation
 L - a scroll of amnesia
Potions
 e - 4 potions of heal wounds
 g - 3 potions of haste
 h - 3 potions of curing
 i - 2 potions of brilliance {unknown}
 m - 2 potions of lignification
 p - 2 potions of might
 q - 2 potions of degeneration {unknown}
 s - a potion of cancellation
 t - a potion of attraction {unknown}
 A - 4 potions of mutation
 G - 4 potions of flight
Miscellaneous
 v - a lightning rod (4/4)


   Skills:
 + Level 7.5 Fighting
 + Level 9.8 Armour
 + Level 4.5 Dodging
 - Level 5.0 Stealth
 - Level 5.0 Shields
 + Level 10.9 Spellcasting
 + Level 13.0 Conjurations
 - Level 3.0 Translocations
 - Level 4.0 Air Magic
 + Level 4.0 Evocations


You had 8 spell levels left.
You knew the following spells:

 Your Spells              Type           Power      Damage    Failure   Level
a - Magic Dart            Conj           100%       1d8       0%          1
b - Searing Ray           Conj           100%       3d7       1%          2
c - Iskenderun's Mystic   Conj/Tloc      67%        2d14      1%          4
d - Lightning Bolt        Conj/Air       34%        1d52      1%          5
e - Iron Shot             Conj/Erth      30%        9d6       6%          6
f - Orb of Destruction    Conj           42%        9d14      2%          7

Your spell library contained the following spells:

 Spells                   Type           Power      Damage    Failure   Level
 Stone Arrow              Conj/Erth      100%       3d13      1%          3
 Beastly Appendage        Tmut           26%        N/A       1%          1
 Shock                    Conj/Air       100%       1d9       1%          1
 Static Discharge         Conj/Air       69%        N/A       1%          2
 Dazzling Flash           Conj/Hex       100%       N/A       1%          3
 Gell's Gravitas          Tloc           13%        N/A       1%          3
 Swiftness                Air            32%        N/A       1%          3
 Airstrike                Air            16%        N/A       1%          4
 Fulminant Prism          Conj/Hex       30%        3d16      1%          4
 Iskenderun's Battlesphe  Conj           85%        2d13      1%          5
 Wereblood                Tmut           13%        N/A       2%          2
 Bolt of Magma            Conj/Fire/Erth 25%        4d12      2%          5
 Confusing Touch          Hex            13%        N/A       4%          3
 Spider Form              Tmut/Pois      6%         N/A       4%          3
 Ice Form                 Ice/Tmut       13%        N/A       13%         4
 Petrify                  Tmut/Erth      13%        N/A       13%         4
 Yara's Violent Unravell  Hex/Tmut       6%         3d5       14%         5
 Spellforged Servitor     Conj/Summ      30%        N/A       26%         7
 Metabolic Englaciation   Hex/Ice        6%         N/A       32%         5


Dungeon Overview and Level Annotations

Branches:
Dungeon (8/15)             Temple (1/1) D:5            Lair (6/6) D:8
 Shoals (0/4) Lair:3        Snake (0/4) Lair:4
  Slime: Lair:5-6

Altars:
Ashenzari
Cheibriados
Dithmenos
Elyvilon
Fedhas
Gozag
Hepliaklqana
Kikubaaqudgha
Makhleb
Nemelex Xobeh
Okawaru
Qazlal
Ru
Trog
Uskayaw
Vehumet
Wu Jian
Xom
Yredelemnul
The Shining One

Shops:
D:3 (:*([   D:5 :

Annotations:
Lair:4 1 runed translucent door, Dinwef's ghost, journeyman DrCj


Innate Abilities, Weirdness & Mutations

You are immune to sickness and miasma.
Your stone body is resilient. (AC +9)
You are immune to poison.
You resist negative energy. (rN+)
You are resistant to electric shocks. (rElec)
You are resistant to unholy torment.
You are immune to petrification.


Message History

The bolt of lightning hits the five-headed hydra.
The five-headed hydra is severely wounded.
You hear a loud, deep croak!
You hear an angry hiss.
You hear a bellow!
You hear a loud, deep croak!
You hear a croak.
Casting: Lightning Bolt (dangerous; 1% risk of failure)
Confirm with . or Enter, or press ? or * to list all spells.
Aiming: Lightning Bolt (dangerous; 1% risk of failure)
Press: ? - help, Shift-Dir - straight line, f/p - five-headed hydra
Aim: a five-headed hydra (severely wounded, 88% to hit)
You feel a surge of power!
You hear a mighty clap of thunder!
The bolt of lightning hits the five-headed hydra.
The five-headed hydra is severely wounded.
You hear a loud, deep croak!
You hear an angry growl.
You hear an angry hiss.
You hear a trumpeting!
You hear a loud, deep croak!
You hear a bellow! x3
A blink frog comes into view. x2
The five-headed hydra bites you!
The five-headed hydra closely misses you.
The five-headed hydra bites you. The five-headed hydra bites you!
The five-headed hydra misses you.
Casting: Lightning Bolt (dangerous; 1% risk of failure)
Confirm with . or Enter, or press ? or * to list all spells.
You don't have enough magic to cast this spell.
Unknown command.
Casting: Lightning Bolt (dangerous; 1% risk of failure)
Confirm with . or Enter, or press ? or * to list all spells.
You don't have enough magic to cast this spell.
The blink frog blinks!
The five-headed hydra closely misses you.
The five-headed hydra bites you.
The five-headed hydra bites you but does no damage.
The five-headed hydra bites you! The five-headed hydra bites you.
You climb upwards.
There is a stone staircase leading down here.
The five-headed hydra bites you!
* * * LOW HITPOINT WARNING * * *
The five-headed hydra bites you!
* * * LOW HITPOINT WARNING * * *
The five-headed hydra bites you!
You die...

## ###..## #.(.##
#.##...# # #....##
###...# ####.#..## ##
#...#.###....P###.###...#
.#
#..<.###.#...##..#..#..P#
P# #....#
####.............# .#
#....# #....P#...#.#.##
.# #....#
##...########...# ##
#....## #P..#.# ###.P# #
###...P# ##P@.## #...####
# #.....## ##>D##
###..#.# # ##...## ##...#
##P...## # #.P.## ##...##
#....#.##
######P_.P####.#P..#
##P.#.#.#
PPP##...P##.#..P.P##
##.......
..........#......##
#).......
..................#
#P#......
.P.#.#...........##
###..#.#.


You could see a five-headed hydra.

Vanquished Creatures
  3 boulder beetles
  7 hydras
  Harold (D:8)
  4 death yaks
  A lindwurm (Lair:3)
  Pikel (D:5)
  An oklob plant (Lair:5)
  4 elephants (Lair:5)
  A black mamba (Lair:1)
  Maggie (D:8)
  11 cane toads
  3 komodo dragons
  2 rime drakes
  A snapping turtle (Lair:3)
  3 blink frogs (Lair:3)
  12 dream sheep (Lair:4)
  3 basilisks
  2 wyverns
  A fire elemental (Lair:4)
  22 yaks
  Eustachio (D:6)
  A steam dragon (D:8)
  3 nagas (Lair:4)
  An acid dragon (D:7)
  Edmund (D:5)
  14 water moccasins
  An orc warrior (D:8)
  An ice beast (D:8)
  4 sky beasts
  A black bear (D:5)
  2 necrophages
  A hornet zombie (D:7)
  3 lemures (D:5)
  6 wolves (Lair:1)
  A phantom (D:6)
  2 kobold brigands
  12 bullfrogs
  2 scorpions
  A water moccasin zombie (D:6)
  A wyvern skeleton (D:5)
  A vampire bat (Lair:1)
  A howler monkey (D:8)
  2 electric eels
  4 bullfrog skeletons
  3 hounds
  A jelly (D:6)
  A centaur zombie (D:6)
  5 orc priests
  Jessica (D:2)
  Ijyb (D:3)
  An iguana (D:4)
  4 orc wizards
  4 gnolls
  12 adders
  A shadow imp (D:7)
  A white imp (D:8)
  An ufetubus (D:4)
  An adder skeleton (D:4)
  A worm (D:2)
  3 dart slugs
  8 orcs
  5 ball pythons
  9 endoplasms
  3 giant cockroaches
  7 goblins
  8 hobgoblins
  6 jackals
  5 quokkas
  16 bats
  2 frilled lizards (D:1)
  17 kobolds
  4 rats
282 creatures vanquished.

Vanquished Creatures (others)
  11 fungi
  38 plants
  2 withered plants (Lair:4)
51 creatures vanquished.

Grand Total: 333 creatures vanquished

Notes
Turn   | Place    | Note
-------+----------+-------------------------------------------
     0 | D:1      | zero the Gargoyle Conjurer began the quest for the Orb.
     0 | D:1      | Reached XP level 1. HP: 10/10 MP: 3/3
   349 | D:1      | Reached XP level 2. HP: 16/16 MP: 0/5
   570 | D:1      | Reached skill level 1 in Fighting
   886 | D:1      | Reached XP level 3. HP: 20/20 MP: 2/6
   952 | D:1      | Learned a level 2 spell: Searing Ray
  1038 | D:2      | Noticed Jessica
  1042 | D:2      | Killed Jessica
  1114 | D:2      | Reached XP level 4. HP: 25/26 MP: 3/7
  1119 | D:2      | Learned a level 4 spell: Iskenderun's Mystic Blast
  1576 | D:1      | Reached skill level 5 in Conjurations
  1955 | D:2      | Found a faded altar of an unknown god.
  1964 | D:2      | Reached XP level 5. HP: 30/30 MP: 3/9
  2221 | D:2      | Found a glowing golden altar of the Shining One.
  2653 | D:3      | Found Beonaag's Weapon Shop.
  2789 | D:3      | Found Wasal's Antique Weapon Emporium.
  2970 | D:3      | Found Rom Jeynt's General Store.
  2979 | D:3      | Identified a scroll of acquirement
  2979 | D:3      | Acquired a staff of conjuration
  3051 | D:3      | Found Uffirchi's Antique Armour Shoppe.
  3056 | D:3      | Bought a hat for 88 gold pieces
  3236 | D:3      | Noticed Ijyb
  3243 | D:3      | Killed Ijyb
  3352 | D:3      | Found an ornate altar of the Wu Jian Council.
  3500 | D:3      | Reached XP level 6. HP: 36/36 MP: 7/10
  3580 | D:3      | Found Ymosaicu's Book Emporium.
  4390 | D:4      | Noticed a sky beast
  4397 | D:4      | Killed a sky beast
  4730 | D:4      | Reached XP level 7. HP: 42/42 MP: 9/12
  4768 | D:4      | Reached skill level 6 in Conjurations
  5470 | D:5      | Entered Level 5 of the Dungeon
  5904 | D:6      | Reached skill level 5 in Spellcasting
  5904 | D:6      | Reached skill level 7 in Conjurations
  6082 | D:6      | Reached XP level 8. HP: 48/48 MP: 11/15
  6168 | D:6      | Noticed Eustachio
  6174 | D:6      | Killed Eustachio
  6431 | D:7      | Reached skill level 1 in Shields
  6431 | D:7      | Reached skill level 8 in Conjurations
  6494 | D:6      | Reached skill level 1 in Translocations
  7071 | D:7      | Reached XP level 9. HP: 52/52 MP: 8/18
  7608 | D:8      | Reached skill level 5 in Shields
  7637 | D:8      | Noticed Maggie
  7705 | D:8      | Killed Maggie
  7706 | D:8      | Reached skill level 1 in Evocations
  7818 | D:8      | Found a staircase to the Lair.
  8486 | D:8      | Noticed Harold
  8502 | D:8      | Killed Harold
  8538 | D:8      | Reached XP level 10. HP: 39/56 MP: 8/19
  8681 | D:8      | Found a shadowy altar of Dithmenos.
  8796 | D:8      | Found a hide-covered altar of Uskayaw.
  9220 | D:8      | Found a sacrificial altar of Ru.
  9884 | D:5      | Noticed Edmund
  9890 | D:5      | Killed Edmund
 10043 | D:5      | Found a staircase to the Ecumenical Temple.
 10072 | Temple   | Entered the Ecumenical Temple
 10126 | Temple   | Became a worshipper of Vehumet
 10344 | D:5      | Noticed Pikel
 10355 | D:5      | Killed Pikel
 10534 | D:5      | Found Fimylen's Book Boutique.
 11116 | Lair:1   | Entered Level 1 of the Lair of Beasts
 11161 | Lair:1   | Noticed a cane toad
 11170 | Lair:1   | Reached skill level 5 in Fighting
 11172 | Lair:1   | Killed a cane toad
 11213 | Lair:1   | Reached skill level 9 in Conjurations
 11513 | Lair:1   | Noticed a cane toad
 11520 | Lair:1   | Killed a cane toad
 11582 | Lair:1   | Noticed a cane toad
 11585 | Lair:1   | Noticed a black mamba
 11590 | Lair:1   | Killed a cane toad
 11592 | Lair:1   | Killed a black mamba
 11593 | Lair:1   | Reached XP level 11. HP: 63/63 MP: 10/22
 11604 | Lair:1   | Reached skill level 10 in Conjurations
 11911 | Lair:1   | Reached * piety under Vehumet
 11911 | Lair:1   | Offered knowledge of Sandblast by Vehumet.
 12486 | Lair:1   | Learned a level 5 spell: Lightning Bolt
 12756 | Lair:2   | Noticed a six-headed hydra
 12811 | Lair:2   | Killed a six-headed hydra
 12812 | Lair:2   | Reached skill level 11 in Conjurations
 12812 | Lair:2   | Reached skill level 1 in Air Magic
 12971 | Lair:2   | Noticed a six-headed hydra
 12983 | Lair:2   | Killed a six-headed hydra
 13293 | Lair:2   | Noticed a seven-headed hydra
 13304 | Lair:2   | Killed a seven-headed hydra
 14019 | Lair:3   | Noticed a boulder beetle
 14024 | Lair:3   | Killed a boulder beetle
 14262 | Lair:3   | Reached XP level 12. HP: 60/68 MP: 18/25
 14493 | Lair:3   | Noticed a five-headed hydra
 14510 | Lair:3   | Killed a five-headed hydra
 14511 | Lair:3   | Reached skill level 12 in Conjurations
 14653 | Lair:3   | Reached skill level 10 in Spellcasting
 14653 | Lair:3   | Offered knowledge of Freeze by Vehumet.
 14664 | Lair:3   | Reached ** piety under Vehumet
 15283 | Lair:3   | Found a staircase to the Shoals.
 15565 | Lair:4   | Noticed a boulder beetle
 15659 | Lair:4   | Killed a boulder beetle
 15661 | Lair:4   | Noticed a boulder beetle
 15901 | Lair:4   | Killed a boulder beetle
 15902 | Lair:4   | Reached skill level 5 in Stealth
 16272 | Lair:4   | Noticed a death yak
 16285 | Lair:4   | Killed a death yak
 16400 | Lair:4   | Noticed a death yak
 16401 | Lair:4   | Noticed a death yak
 16419 | Lair:4   | Noticed a death yak
 16426 | Lair:3   | Killed a death yak
 16426 | Lair:3   | Offered knowledge of Stone Arrow by Vehumet.
 16625 | Lair:3   | Killed a death yak
 16626 | Lair:3   | Reached XP level 13. HP: 48/75 MP: 6/27
 17079 | Lair:4   | Learned a level 6 spell: Iron Shot
 17087 | Lair:4   | Learned a level 7 spell: Orb of Destruction
 17090 | Lair:4   | Identified the +4 war axe "Juatam" {vorpal, rCorr Int+4}
 17360 | Lair:4   | Reached *** piety under Vehumet
 17681 | Lair:4   | Found a runed translucent door.
 17683 | Lair:4   | Noticed Dinwef's ghost (journeyman DrCj)
 17691 | Lair:4   | Found a staircase to the Snake Pit.
 18937 | Lair:5   | Reached skill level 13 in Conjurations
 19189 | Lair:5   | Found a basalt altar of Yredelemnul.
 19667 | Lair:6   | Entered Level 6 of the Lair of Beasts
 19753 | Lair:5   | Slain by a five-headed hydra

Illustrated notes

Levels and vault maps discovered:
D:1:      dpeg_cavernosity, layout_basic
D:2:      layout_basic, basic_altar, chequers_ecumenical_altar_island,
          minivault_24, serial_park_tiny_1, minmay_guardbox, uniq_jessica
D:3:      layout_rooms, general_overflow_altar, serial_shops, shop, shop,
          nicolae_shop_trees, nicolae_shop_crystal, shop, minivault_11,
          minmay_quantized, uniq_ijyb
D:4:      layout_basic
D:5:      black_bear_nest_2, layout_loops_ring,
          minmay_temple_entry_drinking_statues, serial_shops, shop_fountains,
          uniq_pikel, uniq_edmund
D:6:      layout_loops_ring, uniq_eustachio
D:7:      layout_rooms, nicolae_water_bricks
D:8:      layout_loops_ring, grunt_dithmenos_smoke_and_mirrors,
          lemuel_tele_altar, nicolae_overflow_crystal_walls, dpeg_oklobed_lair,
          uniq_maggie, uniq_harold
Temple:   nicolae_temple_elliptical
Lair:1:   layout_chaotic_city, roderic_batcave
Lair:2:   layout_chaotic_city, minivault_26
Lair:3:   layout_big_grid, minmay_shoals_entry_hut, grunt_megastairs_5,
          infiniplex_staircase_pool_2
Lair:4:   layout_gridlike, guppyfry_snake_entry_garden, gammafunk_ghost_grave,
          st_stairs_13, minivault_25
Lair:5:   layout_long_grid, lemuel_oklob_altar, lemuel_fruit_tree
Lair:6:   hangedman_lair_caniforms_friends, layout_misc_corridors,
          slime_altar_2, lemuel_fruit_fields

Skill      XL: |  1  2  3  4  5  6  7  8  9 10 11 12 13 |
---------------+----------------------------------------+-----
Fighting       | 1 2 3 4 5 6 7 |  7.5
Stealth        | 3 4 5 |  5.0
Conjurations   | 5 7 8 9 11 12 13 | 13.0
Spellcasting   | 3 5 6 7 9 10 | 10.9
Shields        | 4 5 |  5.0
Translocations | 3 |  3.0
Armour         | 6 8 9 |  9.8
Evocations     | 4 |  4.0
Air Magic      | 3 4 |  4.0
Dodging        | 3 4 |  4.5

Action                   |  1- 3 |  4- 6 |  7- 9 | 10-12 | 13-15 || total
-------------------------+-------+-------+-------+-------+-------++-------
Melee: Spear             |    38 |    45 |       |       |       ||    83
 Cast: Magic Dart        |    30 |    94 |    94 |   119 |    56 ||   393
       Searing Ray       |     1 |    20 |    39 |    84 |    22 ||   166
       Iskenderun's Myst |       |       |       |    27 |    15 ||    42
       Lightning Bolt    |       |       |       |    32 |    15 ||    47
  Use: Scroll            |     1 |     9 |     9 |     3 |     2 ||    24
 Stab: Sleeping          |     3 |       |       |       |       ||     3
Armor: Robe              |    19 |    51 |    14 |    87 |    30 ||   201
Dodge: Dodged            |    15 |    86 |    30 |   105 |    38 ||   274
Block: Buckler           |       |       |     7 |    39 |    10 ||    56

Table legend: (Time is in decaauts)
 A = Elapsed time spent in this place.
 B = Non-inter-level travel time spent in this place.
 C = Inter-level travel time spent in this place.
 D = Time resting spent in this place.
 E = Time spent auto-exploring this place.
 F = Levels seen in this place.
 G = Mean time per level.
                   A        B        C        D        E       F      G
               +--------+--------+--------+--------+--------+-----+--------+
         Total |  19797 |  19299 |    498 |   6464 |  10675 |  15 | 1319.8 |
       Dungeon |  11053 |  10704 |    349 |   2944 |   6571 |   8 | 1381.6 |
        Temple |    207 |    180 |     27 |      0 |    168 |   1 |  207.0 |
          Lair |   8536 |   8414 |    122 |   3520 |   3935 |   6 | 1422.7 |
               +--------+--------+--------+--------+--------+-----+--------+

Top non-repeatable levels by time:
     D:8: 2250 daAuts
  Lair:3: 2127 daAuts
  Lair:4: 1824 daAuts
     D:4: 1713 daAuts
  Lair:5: 1545 daAuts
  Lair:2: 1535 daAuts
  Lair:1: 1420 daAuts
     D:1: 1339 daAuts
     D:2: 1329 daAuts
     D:6: 1223 daAuts
     D:5: 1148 daAuts
     D:3: 1103 daAuts
     D:7: 943 daAuts
  Temple: 207 daAuts
  Lair:6: 84 daAuts
